Map: Wolfe Industries

Players

Guillemot

  • Race: Protoss Protoss
  • League: Platinum
  • Spawn Location: 7:00

László

  • Race: Terran Terran
  • League: Gold
  • Spawn Location: 7:00

Mørtebianca - Winner!

  • Race: Zerg Zerg
  • League: Diamond
  • Spawn Location: 3:00

Jhyrachy - Winner!

  • Race: Zerg Zerg
  • League: Silver
  • Spawn Location: 12:00

VOD

Have the link to the VOD?

Description

Time

  • Played on: Dec. 17, 2015, 5:22 p.m.
  • Length: 11:45
Show
View Real Time Build Order
Export as new Build Order

Guillemot Protoss 

Build Orders: Nexus First, Mass Adepts 

Get SALT Encoding   

  12  0:00  Probe (Chrono Boost)  
  13  0:11  Probe (Chrono Boost)  
  14  0:22  Probe (Chrono Boost)  
  15  0:46  Nexus  
  15  0:56  Pylon  
  15  1:04  Assimilator  
  15  1:15  Probe (Chrono Boost)  
  15  1:18  Gateway  
  16  1:24  Gateway  
  16  1:29  Probe (Chrono Boost)  
  17  1:52  Probe (Chrono Boost)  
  18  1:56  Assimilator  
  18  2:00  Pylon  
  18  2:06  Cybernetics Core  
  18  2:07  Probe (Chrono Boost)  
  19  2:08  Probe (Chrono Boost)  
  20  2:20  Probe x2 (Chrono Boost)  
  22  2:31  Probe x2 (Chrono Boost)  
  24  2:43  Mothership Core (Chrono Boost)  
  24  2:44  Adept x2  
  30  2:49  Gateway  
  30  2:52  Warp Gate (Chrono Boost)  
  30  2:56  Gateway  
  30  3:04  Gateway  
  30  3:12  Gateway  
  30  3:19  Gateway  
  30  3:22  Pylon  
  30  3:25  Adept  
  32  3:30  Adept  
  32  3:33  Probe  
  35  3:35  Probe  
  35  3:40  Adept  
  38  4:09  Robotics Facility, Pylon  
  38  4:18  Pylon  
  38  4:30  Probe  
  38  4:32  Probe  
  40  4:42  Gateway  
  40  4:45  Adept x2  
  42  4:46  Adept x5  
  54  4:53  Probe  
  54  4:54  Probe  
  54  4:58  Pylon, Warp Prism (Chrono Boost)  
  58  5:33  Probe  
  58  5:35  Probe  
  60  5:39  Stalker x4  
  60  5:40  Stalker x3  
  66  5:44  Stalker  
  50  6:07  Stalker x3  
  50  6:08  Stalker x3  
  62  6:13  Probe  
  62  6:15  Probe  
  62  6:18  Assimilator  
  64  6:24  Probe  
  64  6:27  Probe  
  64  6:51  Pylon  
  62  6:55  Forge  
  62  6:59  Stalker x2  
  62  7:00  Adept x2  
  62  7:01  Adept x4  
  48  7:42  Probe  
  48  7:43  Probe  
  49  7:44  Twilight Council  
  49  7:49  Assimilator  
  49  7:54  Zealot x5  
  49  7:55  Zealot x2  
  55  8:17  Blink (Chrono Boost)  
  44  8:33  Photon Cannon  
  44  8:35  Photon Cannon  
  44  8:36  Photon Cannon  
  44  8:38  Photon Cannon  
  44  8:39  Pylon  
  44  8:41  Pylon  
  44  8:44  Pylon  
  44  8:45  Stalker x2  
  44  8:46  Stalker x4  
  56  8:50  Stalker  
  56  8:55  Observer  
  53  9:21  Protoss Ground Weapons Level 1 (Chrono Boost)  
  53  9:34  Stalker x3  
  53  9:35  Stalker x3  
  63  9:38  Sentry  
  65  9:57  Forge  
  65  9:58  Sentry x4  
  73  10:00  Stalker  
  63  10:40  Stalker  
  63  10:41  Stalker x3  
  63  10:42  Stalker  
  37  11:05  Stalker  
  37  11:06  Stalker x2  
Show
View Real Time Build Order
Export as new Build Order

László Terran 

Build Orders:  

Get SALT Encoding   

  12  0:01  SCV  
  13  0:13  SCV  
  14  0:21  Supply Depot  
  14  0:25  SCV  
  15  0:43  SCV  
  15  0:44  Barracks  
  15  0:48  Refinery  
  16  0:55  SCV  
  17  1:01  Refinery  
  17  1:07  SCV  
  17  1:11  Supply Depot  
  18  1:19  SCV  
  19  1:32  Supply Depot  
  19  1:33  Marine  
  19  1:34  SCV  
  21  1:44  Factory  
  21  1:48  SCV  
  22  2:03  Barracks Reactor  
  22  2:04  SCV  
  23  2:17  Orbital Command  
  23  2:21  Supply Depot  
  23  2:44  Hellion  
  23  2:45  Hellion  
  23  2:46  SCV  
  28  2:56  Barracks Reactor  
  28  2:57  Starport  
  28  3:05  SCV  
  29  3:06  Hellion x2  
  33  3:28  Widow Mine  
  33  3:29  Widow Mine  
  33  3:30  SCV  
  33  3:34  Supply Depot  
  38  3:42  SCV  
  39  3:54  SCV  
  40  4:19  Supply Depot  
  40  4:22  Command Center  
  40  4:23  Liberator x2  
  40  4:37  SCV  
  41  4:40  Supply Depot  
  47  4:49  SCV  
  48  4:56  Supply Depot  
  48  5:01  SCV  
  49  5:14  SCV  
  46  5:37  Liberator x2  
  44  5:44  Orbital Command  
  44  5:46  Engineering Bay  
  45  5:58  Starport  
  45  6:22  Missile Turret  
  45  6:23  Missile Turret  
  43  7:00  SCV x2  
  45  7:05  Starport  
  39  7:08  Starport  
  39  7:10  Missile Turret  
  39  7:11  Missile Turret  
  39  7:12  SCV  
  39  7:13  Missile Turret  
  40  7:18  Missile Turret  
  40  7:22  Liberator  
  40  7:23  Liberator  
  37  7:30  Starport Reactor  
  37  7:39  Missile Turret  
  37  7:42  Missile Turret  
  37  7:43  Missile Turret  
  43  7:45  Orbital Command  
  43  7:46  Missile Turret  
  43  7:48  Barracks x4  
  43  7:49  Terran Infantry Weapons Level 1  
  43  7:52  Engineering Bay  
  43  8:00  Starport Reactor x2  
  43  8:05  Supply Depot  
  43  8:10  Barracks Tech Lab  
  43  8:21  SCV x2  
  45  8:28  Missile Turret  
  45  8:33  Missile Turret, SCV  
  46  8:38  Barracks Tech Lab  
  46  8:39  Barracks Reactor x2, Barracks Tech Lab  
  46  8:47  Liberator  
  46  8:48  Liberator  
  46  8:52  Marauder  
  48  8:57  SCV x2  
  56  9:22  Missile Turret  
  56  9:23  Missile Turret  
  56  9:28  SCV  
  56  9:29  Liberator  
  57  9:35  Marine x3  
  60  9:40  SCV  
  60  9:43  Missile Turret  
  61  9:50  Refinery  
  61  9:52  SCV  
  65  9:54  Refinery  
  65  10:04  SCV  
  65  10:05  SCV  
  67  10:16  SCV  
  67  10:17  SCV  
  69  10:28  Missile Turret, SCV  
  70  10:29  Missile Turret  
  70  10:30  Missile Turret x4  
  67  10:50  Marauder x2, Marine x4  
  75  11:17  Marine  
  70  11:18  Marine  
  70  11:20  Marine x3  
  70  11:21  Marine x2  
Show
View Real Time Build Order
Export as new Build Order

Mørtebianca Zerg - Winner!

Build Orders: Hatch First 

Get SALT Encoding   

  12  0:01  Drone  
  13  0:08  Drone  
  14  0:20  Overlord  
  14  0:25  Overlord  
  14  0:39  Drone x2  
  16  0:45  Drone  
  17  1:05  Drone  
  17  1:08  Drone  
  17  1:10  Hatchery  
  18  1:12  Extractor  
  17  1:24  Spawning Pool  
  16  1:28  Drone  
  16  1:30  Drone  
  18  1:52  Drone  
  19  2:15  Queen  
  21  2:16  Zergling x4  
  23  2:23  Drone x2  
  25  2:31  Drone  
  25  2:34  Hatchery  
  25  2:35  Drone, Queen  
  28  2:50  Metabolic Boost  
  28  2:52  Drone x2  
  30  3:05  Drone x3  
  33  3:07  Drone  
  34  3:15  Drone  
  34  3:23  Drone  
  34  3:26  Drone  
  35  3:27  Drone  
  36  3:34  Overlord x2  
  36  3:42  Lair  
  36  3:43  Roach Warren  
  36  3:44  Drone  
  36  3:45  Queen  
  38  3:49  Evolution Chamber  
  38  3:51  Drone x2, Evolution Chamber  
  38  3:52  Drone, Extractor  
  38  3:53  Drone  
  39  3:55  Drone  
  39  3:57  Extractor  
  39  3:58  Drone  
  39  3:59  Drone  
  41  4:03  Zergling x4  
  43  4:13  Zergling x10  
  43  4:15  Zergling x2  
  49  4:18  Zerg Missile Weapons Level 1  
  49  4:23  Drone x2  
  51  4:29  Overlord x2  
  51  4:31  Overlord  
  51  4:38  Zerg Ground Armor Level 1  
  51  4:47  Extractor  
  51  4:50  Overlord x2  
  50  4:54  Drone  
  50  4:56  Drone x3  
  50  4:57  Drone x2  
  50  4:58  Drone  
  57  5:00  Glial Reconstitution  
  57  5:12  Roach x3  
  57  5:13  Roach  
  60  5:23  Roach  
  60  5:24  Roach x4  
  68  5:35  Roach x5  
  72  5:39  Drone x2  
  67  5:45  Drone x2  
  67  5:47  Drone  
  70  5:52  Drone  
  66  5:57  Spore Crawler  
  66  6:01  Roach x2  
  66  6:02  Roach  
  69  6:06  Drone  
  70  6:13  Drone x2  
  70  6:17  Drone  
  64  6:30  Ravager x4  
  64  6:32  Zergling x2  
  69  6:33  Zergling x10  
  64  6:44  Ravager x2  
  64  6:45  Ravager  
  64  6:46  Zergling x12  
  64  7:04  Roach x5  
  70  7:12  Roach x2  
  66  7:27  Roach x4  
  66  7:28  Roach  
  74  7:48  Overlord x2  
  74  8:03  Overlord x2  
  74  8:06  Queen  
  74  8:09  Roach x6  
  88  8:28  Drone x3  
  88  8:29  Drone  
  88  8:30  Drone x4  
  96  8:42  Drone x3  
  99  8:48  Queen  
  99  8:50  Overlord x2  
  99  8:51  Extractor  
  99  8:52  Extractor, Drone  
  100  8:58  Drone  
  100  9:01  Drone  
  102  9:03  Hatchery  
  102  9:05  Drone  
  102  9:06  Evolution Chamber  
  101  9:24  Ravager x5  
  103  9:25  Ravager x3  
  103  9:29  Ravager  
  110  9:31  Drone x2  
  110  9:32  Drone  
  110  9:34  Drone x3  
  110  9:35  Drone x3  
  119  9:40  Queen  
  119  9:45  Overlord x3  
  121  9:46  Overlord x2  
  121  9:56  Drone  
  121  9:58  Overlord x3  
  117  10:39  Roach  
  117  10:40  Roach x7  
  114  10:59  Roach x9  
  114  11:00  Roach x2  
  125  11:21  Roach  
  125  11:22  Roach x7  
  136  11:37  Hatchery  
  136  11:43  Extractor  
Show
View Real Time Build Order
Export as new Build Order

Jhyrachy Zerg - Winner!

Build Orders: Hatch First 

Get SALT Encoding   

  12  0:02  Drone  
  13  0:08  Drone  
  14  0:17  Overlord  
  14  0:36  Drone  
  14  0:37  Drone  
  16  0:43  Drone  
  17  0:58  Hatchery  
  17  0:59  Drone  
  17  1:13  Spawning Pool  
  17  1:15  Drone  
  17  1:19  Extractor, Drone  
  17  1:25  Drone  
  18  1:42  Drone  
  18  1:44  Overlord  
  19  2:01  Drone  
  20  2:03  Queen  
  20  2:05  Drone  
  23  2:21  Queen  
  25  2:23  Drone x3  
  28  2:35  Drone x2  
  30  2:40  Lair  
  30  2:42  Extractor  
  29  2:52  Drone x3  
  32  3:15  Extractor  
  32  3:17  Extractor  
  30  3:29  Drone x4  
  30  3:30  Drone x2  
  30  3:32  Overlord  
  30  3:33  Overlord x2  
  36  3:50  Spire  
  35  3:56  Drone x5  
  35  3:59  Overlord x3  
  40  4:03  Pneumatized Carapace  
  40  5:03  Mutalisk x8  
  40  5:06  Mutalisk  
  58  5:18  Drone x5  
  63  6:14  Hatchery  
  62  6:24  Corruptor  
  62  6:25  Corruptor x7  
  78  6:42  Zergling x2  
  78  6:43  Zergling x10  
  84  6:49  Overlord x3  
  84  7:06  Queen  
  80  8:47  Mutalisk x6  
  80  8:48  Mutalisk x7  
Tags
 
Add a new tag
Caveats
  • Supply blocks, unpowered buildings, or Contaminate may cause inaccurate times.
  • Supply counts are checked every 10 seconds.